[Event "Early-Titled-Tuesday-Blitz-April-23-2024"]
[Site "Chess.com"]
[Date "2024.04.23"]
[Round "3"]
[White "Polish_fighter3000"]
[Black "jakopogi"]
[Result "1-0"]
[WhiteElo "3106"]
[BlackElo "2790"]
[TimeControl "180+1"]
[EndTime "8:28:02 PDT"]
[Termination "Polish_fighter3000 won on time"]

1. d4 Nf6 2. Nc3 d5 3. Bf4 c6 4. e3 a5 5. Be2 Na6 6. h3 g6 7. Nf3 Nc7 8. O-O Bg7 9. Na4 O-O 10. c4 Ne6 11. Be5 dxc4 12. Bxc4 b5 13. Bxe6 Bxe6 14. Nc5 Bc4 15. Re1 b4 16. a4 Nd7 17. Bxg7 Kxg7 18. Rc1 Nxc5 19. Rxc4 Ne4 20. Qc2 Qd5 21. Rxc6 Rfd8 22. Rc7 b3 23. Qd3 Qd6 24. Rec1 Nf6 25.
R1c6 Qb4 26. Rc4 Qb6 27. Rxe7 Rac8 28. Ne5 Nd5 29. Rxf7+ Kg8 30. Rd7 Rxd7 31. Rxc8+ Rd8 32. Nd7 1-0

[Event "Early-Titled-Tuesday-Blitz-April-23-2024"]
[Site "Chess.com"]
[Date "2024.04.23"]
[Round "3"]
[White "AlphaGoosee"]
[Black "gabduschew"]
[Result "1-0"]
[WhiteElo "2629"]
[BlackElo "2444"]
[TimeControl "180+1"]
[EndTime "8:28:02 PDT"]
[Termination "AlphaGoosee won by resignation"]

1. e4 Nc6 2. d4 d5 3. e5 Bf5 4. c3 Qd7 5. Bd3 h5 6. f4 Nh6 7. Nf3 Bxd3 8. Qxd3 Qf5 9. Qe2 e6 10.
b4 O-O-O 11. b5 Na5 12. O-O Be7 13. Ba3 Rhe8 14. Bxe7 Rxe7 15. Nbd2 Qc2 16. Rfc1 Qa4 17.
c4 dxc4 18. Nxc4 Nf5 19. b6 Nxd4 20. Nxd4 Rxd4 21. Nb2 Qa3 22. Rc3 Qxc3 23. bxa7 Rd2 24. a8=Q+ Kd7 25. Rd1 Qd4+ 26. Kh1 Rxd1+ 27. Qxd1 Qxd1+ 28. Nxd1 b6 29. h3 1-0

[Event "Early-Titled-Tuesday-Blitz-April-23-2024"]
[Site "Chess.com"]
[Date "2024.04.23"]
[Round "3"]
[White "Shivananda1964"]
[Black "AcostaPablo"]
[Result "0-1"]
[WhiteElo "2354"]
[BlackElo "2608"]
[TimeControl "180+1"]
[EndTime "8:28:03 PDT"]
[Termination "AcostaPablo won on time"]

1. d4 Nf6 2. Nf3 g6 3. g3 Bg7 4.
Bg2 O-O 5. O-O d6 6. Nc3 Nbd7 7. e4 e5 8. Re1 h6 9. h3 c6 10. a4 a5 11. b3 Re8 12. Ba3 exd4 13. Nxd4 Nc5 14.
Qd2 Qb6 15. Rad1 Bd7 16. Kh2 Rad8 17. f4 Bc8 18. Qf2 Ne6 19. Nce2 h5 20. Kg1 Nc5 21. Nc3 h4 22. g4 Bxg4 23. hxg4 Nxg4 24. Qxh4 Ne6 25.
Qxg4 Bxd4+ 26. Kh1 Bxc3 27. f5 Ng7 28. fxg6 fxg6 29.
Qxg6 Re6 30. Qg5 Re5 0-1

[Event "Early-Titled-Tuesday-Blitz-April-23-2024"]
[Site "Chess.com"]
[Date "2024.04.23"]
[Round "3"]
[White "JaackCamel"]
[Black "DvaHrasta"]
[Result "0-1"]
[WhiteElo "2200"]
[BlackElo "2419"]
[TimeControl "180+1"]
[EndTime "8:28:03 PDT"]
[Termination "DvaHrasta won by resignation"]

1. d4 Nf6 2. c4 e6 3. Nc3 Bb4 4.
Qc2 d5 5. Nf3 O-O 6. a3 Bxc3+ 7.
Qxc3 dxc4 8. Qxc4 a6 9. Bg5 b5 10. Qc2 Bb7 11. e3 Nbd7 12. Bd3 h6 13. Bh4 Rc8 14.
O-O c5 15. Qe2 c4 16. Bc2 Qb6 17. Rad1 a5 18. Ne5 Nxe5 19. dxe5 Qc6 20. f3 Nd5 21.
Be4 c3 22. Rc1 b4 23. Rfd1 Ba6 24. Qf2 Qb5 25. Bxd5 exd5 26. bxc3 bxc3 27. Rc2 Qb3 28. Rdc1 Bd3 29. Be7 Rfe8 30. Bd6 Bxc2 31. Rxc2 Qb1+ 0-1

[Event "Early-Titled-Tuesday-Blitz-April-23-2024"]
[Site "Chess.com"]
[Date "2024.04.23"]
[Round "3"]
[White "JonasEilenberg"]
[Black "GM_dmitrij"]
[Result "1-0"]
[WhiteElo "2768"]
[BlackElo "3003"]
[TimeControl "180+1"]
[EndTime "8:28:05 PDT"]
[Termination "JonasEilenberg won by resignation"]

1. d4 d5 2. c4 e6 3. Nc3 Nf6 4. Bg5 Bb4 5. e3 h6 6. Bh4 g5 7.
Bg3 Ne4 8. Qc2 c5 9. a3 Bxc3+ 10. bxc3 cxd4 11. exd4 Nc6 12. Bd3 Nxg3 13. hxg3 dxc4 14. Bxc4 b6 15. Nf3 Bb7 16. Rd1 Qf6 17. Qa4 O-O 18. O-O Rac8 19. Bd3 Kg7 20. Bb1 Rh8 21. Rfe1 Na5 22. Qc2 Bxf3 23. gxf3 Qxf3 24. Re3 Qf6 25.
Qe2 Nc4 26. Rf3 Qe7 27. d5 e5 28. d6 Nxd6 29. Ba2 e4 30. Rxd6 Qxd6 31. Rxf7+ Kg6 32. Qxe4+ Kh5 33. Qf3+ Kg6 34. Bb1+ 1-0

[Event "Early-Titled-Tuesday-Blitz-April-23-2024"]
[Site "Chess.com"]
[Date "2024.04.23"]
[Round "3"]
[White "AsaHoffmann"]
[Black "KononenkoD"]
[Result "1-0"]
[WhiteElo "2404"]
[BlackElo "2600"]
[TimeControl "180+1"]
[EndTime "8:28:05 PDT"]
[Termination "AsaHoffmann won on time"]

1. d4 Nf6 2. Bg5 c5 3. d5 Qb6 4. Nc3 Qxb2 5. Bd2 Qb6 6. e4 d6 7.
f4 Bg4 8. Be2 Bxe2 9. Qxe2 g6 10. e5 dxe5 11. fxe5 Nfd7 12. Rb1 Qd8 13. Rxb7 Bg7 14.
e6 O-O 15. exd7 Nxd7 16. Nf3 Nb6 17. O-O Nxd5 18. Nxd5 Qxd5 19. Rxe7 Qxa2 20. Bf4 a5 21. Be5 Rae8 22. Bxg7 Rxe7 23. Qxe7 Kxg7 24. Ng5 a4 25.
Qf6+ Kg8 26. h4 a3 27. h5 Qb2 28. c3 Qe2 29. h6 1-0

[Event "Early-Titled-Tuesday-Blitz-April-23-2024"]
[Site "Chess.com"]
[Date "2024.04.23"]
[Round "3"]
[White "biostatistician"]
[Black "h4parah5"]
[Result "0-1"]
[WhiteElo "2755"]
[BlackElo "3036"]
[TimeControl "180+1"]
[EndTime "8:28:06 PDT"]
[Termination "h4parah5 won by checkmate"]

1. d4 Nf6 2. Nf3 d5 3. c4 e6 4. Nc3 h6 5. Bf4 Bd6 6. Bxd6 Qxd6 7. e3 O-O 8. Rc1 c6 9. Bd3 dxc4 10. Bxc4 Nbd7 11.
O-O Qe7 12. Bb3 Rd8 13. Qc2 e5 14. Rfd1 exd4 15. exd4 Nb6 16. Re1 Qd6 17. Ne5 Be6 18. Bxe6 Qxe6 19. Ng6 Qd7 20. Ne7+ Kh8 21. Nf5 Re8 22.
Qd3 Nbd5 23. Ne3 Nf4 24. Qd2 Ne4 25. Nxe4 Rxe4 26. Rcd1 Rae8 27. g3 Nh3+ 28. Kg2 Ng5 29. Qe2 Qh3+ 30. Kg1 Rf4 31. Qf1 Nf3+ 32. Kh1 Qxh2# 0-1

[Event "Early-Titled-Tuesday-Blitz-April-23-2024"]
[Site "Chess.com"]
[Date "2024.04.23"]
[Round "3"]
[White "HATilay"]
[Black "JacksterThePro"]
[Result "1-0"]
[WhiteElo "2651"]
[BlackElo "2471"]
[TimeControl "180+1"]
[EndTime "8:28:06 PDT"]
[Termination "HATilay won by checkmate"]

1. e4 c6 2. d4 d5 3. e5 Bf5 4.
Bd3 Bxd3 5. Qxd3 e6 6. Ne2 Qa5+ 7. Nbc3 Qa6 8. Qh3 Ne7 9. O-O c5 10. a4 Qa5 11. Nb5 Nf5 12. dxc5 Bxc5 13. c3 Qd8 14.
b4 Be7 15. g4 Nh4 16. f4 h5 17. f5 hxg4 18. Qxg4 Nxf5 19. Ned4 Rh4 20. Qg2 a6 21. Nxf5 exf5 22. Rxf5 axb5 23. Be3 g6 24. e6 gxf5 25. Qg8+ Bf8 26. Qxf7# 1-0

[Event "Early-Titled-Tuesday-Blitz-April-23-2024"]
[Site "Chess.com"]
[Date "2024.04.23"]
[Round "3"]
[White "AlexeiShirov"]
[Black "Hikaru"]
[Result "0-1"]
[WhiteElo "2831"]
[BlackElo "3292"]
[TimeControl "180+1"]
[EndTime "8:28:07 PDT"]
[Termination "Hikaru won by resignation"]

1. e4 a6 2. d4 e6 3. Bd3 c5 4. c3 b5 5. f4 Bb7 6. Nf3 Nf6 7. e5 Nd5 8. f5 cxd4 9. O-O dxc3 10. Nxc3 Nxc3 11.
bxc3 Nc6 12. Qe2 Bc5+ 13. Kh1 h6 14. Be4 Qc7 15. Bf4 Na5 16. Rad1 Bxe4 17. Qxe4 Qc6 18. Qe1 Nc4 19. Qg3 O-O-O 20. Qxg7 Rhg8 21. Qxf7 Rgf8 22. Qg7 Rxf5 23. Bxh6 Rdf8 24. Qg3 R8f7 25. Rfe1 Nb6 26. Rd3 Nd5 27. h3 Kb7 28. Red1 Bb6 29.
Bg5 Nxc3 30. Rd6 Ne4 31. Qe1 Nxd6 32. Rxd6 Rxf3 0-1

[Event "Early-Titled-Tuesday-Blitz-April-23-2024"]
[Site "Chess.com"]
[Date "2024.04.23"]
[Round "3"]
[White "BardArtem"]
[Black "KubaGepard"]
[Result "1-0"]
[WhiteElo "2868"]
[BlackElo "2597"]
[TimeControl "180+1"]
[EndTime "8:28:10 PDT"]
[Termination "BardArtem won by resignation"]

1. e4 e5 2. Nf3 Nc6 3. Nc3 Nf6 4. h3 d5 5. exd5 Nxd5 6. Bb5 Nxc3 7. bxc3 Bd6 8. d4 exd4 9. cxd4 O-O 10. O-O Ne7 11.
Re1 h6 12. Bf1 b6 13. Bb2 Bb7 14. c4 c5 15. d5 b5 16. Rc1 bxc4 17. Bxc4 Nxd5 18.
Re2 Bf4 19. Rb1 Nb4 20. Qb3 h5 21. a3 Nc6 22. Qxb7 Na5 23. Qe4 Nxc4 24. Qxc4 Qc7 25. Rbe1 Rab8 26. Be5 Bxe5 27. Rxe5 Qd6 28. Qxc5 Qxc5 29.
Rxc5 Rb3 30. Ra5 Ra8 31. Re7 a6 32. Re3 Rb1+ 33. Kh2 g6 34. Ne5 Rb6 35. Rf3 Ra7 36. a4 Re7 37. Nc4 Rc6 38. Ne3 Re4 39. Nd5 Re1 40.
Re3 Rxe3 41. Nxe3 Kg7 42. Nd5 Rc5 43. Rxc5 1-0

[Event "Early-Titled-Tuesday-Blitz-April-23-2024"]
[Site "Chess.com"]
[Date "2024.04.23"]
[Round "3"]
[White "scarabee43"]
[Black "Nechitaylo_Nikita"]
[Result "1-0"]
[WhiteElo "2846"]
[BlackElo "2327"]
[TimeControl "180+1"]
[EndTime "8:28:10 PDT"]
[Termination "scarabee43 won on time"]

1. Nf3 c5 2. c4 Nc6 3. Nc3 Nd4 4. e3 Nxf3+ 5. Qxf3 Nf6 6. b3 e6 7. Bb2 d5 8. cxd5 exd5 9. Bb5+ Bd7 10. O-O Bxb5 11.
Nxb5 Be7 12. Rac1 Qb6 13. Nc3 Qc6 14. d4 cxd4 15. Ne2 Qa6 16. Nxd4 Ne4 17. Nf5 Bf6 18. Bxf6 Qxf6 19. Rc7 O-O 20. Ne7+ Kh8 21. Qxf6 Nxf6 22. Rxb7 Rfb8 23. Rc7 Rd8 24. Rfc1 d4 25. Nc6 Rd6 26. Nxd4 Nd5 27. Rc8+ Rd8 28. Rxa8 Rxa8 29. Rc5 Nb4 30. a3 Nd3 31. Rc7 Kg8 32. h4 1-0

[Event "Early-Titled-Tuesday-Blitz-April-23-2024"]
[Site "Chess.com"]
[Date "2024.04.23"]
[Round "3"]
[White "EliteChess0967"]
[Black "L4ncer"]
[Result "0-1"]
[WhiteElo "2429"]
[BlackElo "2293"]
[TimeControl "180+1"]
[EndTime "8:28:11 PDT"]
[Termination "L4ncer won by checkmate"]

1. d4 g6 2. c4 Bg7 3. Nf3 Nf6 4. g3 O-O 5. Bg2 d6 6. O-O Nbd7 7.
b3 a5 8. Bb2 a4 9. Nbd2 a3 10.
Bc3 c6 11. e4 e5 12. dxe5 dxe5 13. Nxe5 Nxe4 14. Nxe4 Nxe5 15. Bb4 Bg4 16. f3 Bf5 17. Bxf8 Qxf8 18. Qd6 Rd8 19. Qxf8+ Bxf8 20. Rad1 Nd3 21. h4 Bxe4 22. fxe4 Bc5+ 23. Kh2 Rd4 24. e5 Nxe5 25. Rxd4 Bxd4 26. Rd1 c5 27. Bxb7 Ng4+ 28. Kg2 Ne3+ 29.
Kf3 Nxd1 30. Ke2 Nc3+ 31. Kd3 Nxa2 32. Kc2 Nb4+ 33. Kb1 a2+ 34. Kc1 a1=Q+ 35. Kd2 Qc3+ 36. Ke2 Qe3+ 37. Kd1 Qd3+ 38. Ke1 Nc2# 0-1

[Event "Early-Titled-Tuesday-Blitz-April-23-2024"]
[Site "Chess.com"]
[Date "2024.04.23"]
[Round "3"]
[White "Zohid6"]
[Black "Rodalquilar"]
[Result "1-0"]
[WhiteElo "2951"]
[BlackElo "2729"]
[TimeControl "180+1"]
[EndTime "8:28:13 PDT"]
[Termination "Zohid6 won by resignation"]

1. e4 d5 2. exd5 Qxd5 3. Nc3 Qa5 4. d4 Nf6 5. Bd3 Bf5 6. Ne2 Bxd3 7. Qxd3 Nbd7 8. b4 Qh5 9. Ng3 Qg6 10. Qe2 e6 11.
Rb1 Bd6 12. O-O O-O 13. Nge4 Nxe4 14. Nxe4 Be7 15. Bf4 c6 16. Nc5 Nxc5 17. bxc5 b5 18. cxb6 axb6 19. Rxb6 Rxa2 20. Rxc6 Bf6 21. Qc4 Qe4 22. Bg3 Bxd4 23. c3 Rc2 24. Rc8 Rxc3 25. Rxf8+ Kxf8 26. Qb4+ Ke8 27. Qb8+ Ke7 28. Rb1 Kf6 29.
h4 Be5 30. Qd8+ 1-0

[Event "Early-Titled-Tuesday-Blitz-April-23-2024"]
[Site "Chess.com"]
[Date "2024.04.23"]
[Round "3"]
[White "rhwr"]
[Black "GlavkonVVS"]
[Result "0-1"]
[WhiteElo "2318"]
[BlackElo "2600"]
[TimeControl "180+1"]
[EndTime "8:28:13 PDT"]
[Termination "GlavkonVVS won by checkmate"]

1. e4 Nf6 2. e5 Nd5 3. Bc4 Nb6 4.
Bb3 c5 5. d3 Nc6 6. Nf3 d5 7.
exd6 exd6 8. c3 Be7 9. O-O O-O 10.
Bf4 Bg4 11. Nbd2 d5 12. h3 Bf5 13. Bc2 d4 14. Ne4 Nd5 15. Bd2 Rc8 16. cxd4 Nxd4 17. Nxd4 cxd4 18. Bb3 Nf6 19. Re1 Nxe4 20. dxe4 Be6 21.
Rc1 Qb6 22. Rxc8 Rxc8 23. Bxe6 fxe6 24. b3 e5 25. Qg4 Rc2 26. Bg5 Bxg5 27. Qxg5 Qf6 28.
Qg3 h5 29. a4 h4 30. Qf3 Qxf3 31. gxf3 Rc3 32. Rb1 Rxf3 33. Kg2 Rc3 34. b4 Kf7 35. b5 b6 36. a5 Rc5 37. axb6 axb6 38. Kf3 Kf6 39. Kg4 g5 40. Kf3 Rc3+ 41. Kg2 d3 42. Rd1 Ke6 43. Kf3 Rb3 44. Kg4 Kf6 45. Kf3 d2+ 46. Kg4 Rd3 47. f3 Kg6 48. f4 Rg3# 0-1

[Event "Early-Titled-Tuesday-Blitz-April-23-2024"]
[Site "Chess.com"]
[Date "2024.04.23"]
[Round "3"]
[White "Kildepiotr"]
[Black "ViIIagra"]
[Result "0-1"]
[WhiteElo "2698"]
[BlackElo "2930"]
[TimeControl "180+1"]
[EndTime "8:28:16 PDT"]
[Termination "ViIIagra won by resignation"]

1. Nf3 d6 2. d4 Nf6 3. g3 Nbd7 4. Bg2 c6 5. O-O Qc7 6. Nbd2 e5 7. dxe5 dxe5 8. e4 Be7 9. a4 O-O 10. Qe2 Re8 11. b3 Nf8 12. Bb2 Ng6 13. Nc4 Bf8 14.
a5 Rb8 15. Nfd2 b5 16. axb6 axb6 17. Ne3 b5 18. Nf5 Bc5 19. h4 Nf8 20. h5 h6 21.
Rfd1 N8h7 22. Nf1 Ng5 23. Nh2 Be6 24. Ng4 Nxg4 25. Qxg4 Rbd8 26. Qe2 Bxf5 27. exf5 e4 28. f6 Qxg3 29. Kf1 Qf4 30. fxg7 Nf3 31. Rxd8 Rxd8 32. b4 Bb6 33. Ra6 Bxf2 34. Bxf3 exf3 35. Qe5 Rd1+ 36.
Kxf2 Rd2+ 37. Kf1 Qc4+ 0-1

[Event "Early-Titled-Tuesday-Blitz-April-23-2024"]
[Site "Chess.com"]
[Date "2024.04.23"]
[Round "3"]
[White "Shahdad2007"]
[Black "ProtectiveCarrot"]
[Result "1-0"]
[WhiteElo "2602"]
[BlackElo "2324"]
[TimeControl "180+1"]
[EndTime "8:28:16 PDT"]
[Termination "Shahdad2007 won by resignation"]

1. Nf3 b6 2. c4 Bb7 3. g3 g6 4. Bg2 Bg7 5. Nc3 Nf6 6. O-O c5 7. b3 O-O 8. Bb2 Nc6 9. d4 cxd4 10. Nxd4 Qc8 11. Rc1 Nxd4 12. Qxd4 Bxg2 13. Kxg2 Re8 14. f3 Qc6 15. e4 d6 16. Nd5 Nh5 17. Qd2 Bxb2 18.
Qxb2 e6 19. Ne3 e5 20. Nd5 Kg7 21. Rce1 Nf6 22. f4 Nxd5 23. exd5 Qc7 24. f5 f6 25.
Qe2 a5 26. Qe4 a4 27. b4 a3 28. Rb1 Rec8 29. Rfc1 Qd7 30. Rf1 b5 31. fxg6 hxg6 32. Rbc1 f5 33. Qe2 bxc4 34. Rxc4 Qb5 35. Rc7+ 1-0

[Event "Early-Titled-Tuesday-Blitz-April-23-2024"]
[Site "Chess.com"]
[Date "2024.04.23"]
[Round "3"]
[White "Fjal"]
[Black "ilqar_74"]
[Result "0-1"]
[WhiteElo "2333"]
[BlackElo "2754"]
[TimeControl "180+1"]
[EndTime "8:28:16 PDT"]
[Termination "ilqar_74 won by resignation"]

1. Nf3 Nf6 2. g3 g6 3. Bg2 Bg7 4. O-O O-O 5. d3 d5 6. c4 d4 7. b4 Re8 8. Bf4 Nbd7 9. a4 e5 10. Bc1 a5 11. b5 Rb8 12. Ba3 b6 13. Nbd2 Bb7 14. Nb3 Bf8 15. Qc1 c5 16. bxc6 Bxc6 17. Bxf8 Rxf8 18. c5 Rc8 19. Qa3 bxc5 20. Rfc1 e4 21.
Ng5 exd3 22. Bxc6 Rxc6 23. Nxd4 Rc8 24. Nb5 dxe2 25. Qf3 Qe7 26. Re1 Rce8 27. Ra2 Ne4 28. Nxe4 Qxe4 29. Qc3 Ne5 30. Nd6 Nf3+ 31. Kh1 Qd5 32.
Nxe8 Nxe1+ 33. f3 Rxe8 34. Qxe1 Qd1 35. Ra1 Qxa1 0-1

[Event "Early-Titled-Tuesday-Blitz-April-23-2024"]
[Site "Chess.com"]
[Date "2024.04.23"]
[Round "3"]
[White "HansOnTwitch"]
[Black "DuleMudule"]
[Result "1-0"]
[WhiteElo "3234"]
[BlackElo "2825"]
[TimeControl "180+1"]
[EndTime "8:28:17 PDT"]
[Termination "HansOnTwitch won by resignation"]

1. e4 c6 2. d4 d5 3. e5 Bf5 4. Nf3 e6 5. Be2 c5 6. O-O Nc6 7. c3 cxd4 8. cxd4 Nge7 9. Nc3 Bg6 10. h3 Nf5 11. Be3 Bb4 12. Rc1 O-O 13. a3 Bxc3 14.
Rxc3 a6 15. Qd2 f6 16. exf6 Qxf6 17. Re1 Nd6 18. Rcc1 Ne4 19. Qd1 Bh5 20. b4 Rac8 21. Qd3 Bg6 22. Qb3 h6 23. a4 Qe7 24. Ne5 Nxe5 25.
dxe5 Qh4 26. Rxc8 Rxc8 27. Qb2 Ng5 28. Bg4 Bf7 29. Rc1 Rf8 30. Qd4 h5 31. Be2 Ne4 32.
f3 Bg6 33. fxe4 Bxe4 34. Rf1 Rc8 35. Bf3 Rc4 36. Qd1 Rxb4 37. Bxe4 Qxe4 38. Bc5 1-0

[Event "Early-Titled-Tuesday-Blitz-April-23-2024"]
[Site "Chess.com"]
[Date "2024.04.23"]
[Round "3"]
[White "kacperkarwowski"]
[Black "Skatchkov_V"]
[Result "1-0"]
[WhiteElo "2511"]
[BlackElo "2661"]
[TimeControl "180+1"]
[EndTime "8:28:17 PDT"]
[Termination "kacperkarwowski won by resignation"]

1. d4 d5 2. c4 e6 3. Nc3 c5 4.
cxd5 cxd4 5. Qxd4 Nc6 6. Qa4 exd5 7. Nf3 Nf6 8. e3 Bd6 9. Bb5 O-O 10. O-O Ne5 11. Be2 Be6 12. Nb5 Nxf3+ 13. Bxf3 Be5 14. Nd4 Qb6 15. b3 Rac8 16. Ba3 Rfe8 17. Rad1 Ne4 18. Nxe6 Rxe6 19. Rxd5 Nc3 20. Qd7 Rce8 21. Rd2 Qa6 22. Bb2 R6e7 23. Qxe7 Ne2+ 24. Bxe2 1-0

[Event "Early-Titled-Tuesday-Blitz-April-23-2024"]
[Site "Chess.com"]
[Date "2024.04.23"]
[Round "3"]
[White "Larina_Maria"]
[Black "jeetjain"]
[Result "0-1"]
[WhiteElo "2343"]
[BlackElo "2607"]
[TimeControl "180+1"]
[EndTime "8:28:17 PDT"]
[Termination "jeetjain won by resignation"]

1. e4 e6 2. Nf3 d5 3. e5 c5 4. b4 d4 5. bxc5 Bxc5 6. Bb5+ Nc6 7. Ba3 Qb6 8. Qe2 Ne7 9. Ng5 a6 10. Bxc6+ Nxc6 11. Bxc5 Qxc5 12. Ne4 Qxe5 13. d3 O-O 14. Nbd2 b5 15. Nf3 Qd5 16. O-O Bb7 17. Rfd1 Rac8 18. c4 dxc3 19. Nxc3 Qh5 20. Ne4 Rfd8 21.
Qe3 Ne7 22. Ng3 Qg6 23. Ne5 Qf6 24. d4 Nd5 25. Qb3 Nf4 26. f3 h5 27. Ne4 Bxe4 28.
fxe4 Rxd4 29. Nf3 Rxe4 30. Rd6 Qxa1+ 31. Rd1 Rc1 0-1

[Event "Early-Titled-Tuesday-Blitz-April-23-2024"]
[Site "Chess.com"]
[Date "2024.04.23"]
[Round "3"]
[White "klimkoj"]
[Black "NikitaShnadrygin"]
[Result "1-0"]
[WhiteElo "2918"]
[BlackElo "2683"]
[TimeControl "180+1"]
[EndTime "8:28:18 PDT"]
[Termination "klimkoj won on time"]

1. c4 Nf6 2. Nc3 d5 3. cxd5 Nxd5 4. Nf3 g6 5. e4 Nxc3 6. dxc3 Qxd1+ 7. Kxd1 f6 8. Be3 e5 9. h4 h5 10. Kc2 Be6 11. a4 Nd7 12. a5 a6 13. Nd2 Bc5 14.
Bxc5 Nxc5 15. b4 Nd7 16. Bc4 Ke7 17. Rhb1 Rhd8 18. Bd5 Rab8 19. Nb3 f5 20. Bxe6 Kxe6 21. exf5+ gxf5 22. Re1 Kf6 23. Rad1 e4 24. f3 exf3 25. gxf3 Ne5 26. Nd4 Re8 27. Rd2 Ng6 28. Rg1 Rbc8 29. Rdg2 Nf4 30. Rg5 Re5 31. Kd2 c5 32. bxc5 Rexc5 33. Rb1 Rxc3 34. Rxf5+ 1-0

[Event "Early-Titled-Tuesday-Blitz-April-23-2024"]
[Site "Chess.com"]
[Date "2024.04.23"]
[Round "3"]
[White "Zavgorodniy_Sergiy"]
[Black "DinaBelenkaya"]
[Result "0-1"]
[WhiteElo "2603"]
[BlackElo "2433"]
[TimeControl "180+1"]
[EndTime "8:28:19 PDT"]
[Termination "DinaBelenkaya won by resignation"]

1. e4 c6 2. d4 d5 3. exd5 cxd5 4. c4 Nf6 5. Nc3 Nc6 6. Nf3 e6 7. cxd5 Nxd5 8. Bd3 Be7 9. O-O Nf6 10. Re1 h6 11. a3 O-O 12. Bc2 a6 13. Qd3 Bd7 14.
Ne4 Nxe4 15. Qxe4 f5 16. Qe2 Bf6 17. Rd1 Re8 18. Bf4 Qb6 19. Ne5 Nxe5 20. dxe5 Bb5 21. Qf3 Be7 22. Qg3 Kh7 23. h4 g6 24. Qb3 Bc5 25. Be3 Bxe3 26. fxe3 Qc5 27. Rac1 Qxe5 28. Rd4 Bc6 29. Rcd1 Qg3 30. R1d2 Rad8 31. Rxd8 Rxd8 32. Qc3 Qe1+ 33. Kh2 Qxh4+ 0-1

[Event "Early-Titled-Tuesday-Blitz-April-23-2024"]
[Site "Chess.com"]
[Date "2024.04.23"]
[Round "3"]
[White "agustinv04"]
[Black "Fantastic_Power"]
[Result "0-1"]
[WhiteElo "2492"]
[BlackElo "2734"]
[TimeControl "180+1"]
[EndTime "8:28:21 PDT"]
[Termination "Fantastic_Power won on time"]

1. d4 Nf6 2. c4 Nc6 3. Nc3 e5 4. d5 Ne7 5. e4 Ng6 6. g4 Bb4 7. Bg2 Bxc3+ 8. bxc3 d6 9. g5 Nd7 10. h4 h5 11. gxh6 gxh6 12. h5 Nf4 13. Bxf4 exf4 14.
Qd4 Ne5 15. Nf3 Qf6 16. Nxe5 Qxe5 17. Qxe5+ dxe5 18. Rb1 b6 19. c5 Ke7 20. Bf3 bxc5 21. O-O Bd7 22. Rb7 Kd6 23. Rfb1 Rhg8+ 24. Kh2 Bg4 25. Bxg4 Rxg4 26. Rb8 Rxb8 27. Rxb8 f3 28. Rf8 Rxe4 29. Rxf7 Kxd5 30. Rxc7 Rg4 31. Rxa7 Rg2+ 32. Kh3 e4 33. Rd7+ Kc4 34. Re7 Kd3 35. a4 Rxf2 36. a5 Ra2 37. Rd7+ Ke2 38. Kg3 f2 39. Rf7 e3 0-1

[Event "Early-Titled-Tuesday-Blitz-April-23-2024"]
[Site "Chess.com"]
[Date "2024.04.23"]
[Round "3"]
[White "AlexTruskavetsky"]
[Black "Kostukov_Alex"]
[Result "0-1"]
[WhiteElo "2676"]
[BlackElo "2338"]
[TimeControl "180+1"]
[EndTime "8:28:21 PDT"]
[Termination "Kostukov_Alex won by checkmate"]

1. e4 c5 2. Nf3 g6 3. c3 Bg7 4. d4 cxd4 5. cxd4 d5 6. exd5 Nf6 7.
Nc3 Nxd5 8. h3 O-O 9. Bc4 Nxc3 10. bxc3 Qc7 11. Qb3 Nc6 12. Bd3 Be6 13. Qb2 Na5 14. O-O Bc4 15. Bxc4 Nxc4 16. Qe2 b5 17. a4 bxa4 18.
Rxa4 Rfc8 19. Bf4 Qxf4 20. Rxc4 a5 21. Ra1 Rxc4 22. Qxc4 Qd6 23. Nd2 Qd7 24. Qa4 Qxa4 25. Rxa4 e5 26. d5 f5 27. Kf1 e4 28. c4 Bc3 29. Nb3 Rb8 30. Ra3 Bb2 31. Rxa5 Rxb3 32. g4 f4 33. Ke2 Rd3 34. f3 Rxf3 35. c5 Rd3 36. c6 f3+ 37. Kf1 e3 38. Kg1 Rd1+ 39.
Kh2 Be5# 0-1

[Event "Early-Titled-Tuesday-Blitz-April-23-2024"]
[Site "Chess.com"]
[Date "2024.04.23"]
[Round "3"]
[White "McCarthyStone"]
[Black "SoCalJuniorChess"]
[Result "1-0"]
[WhiteElo "2398"]
[BlackElo "2145"]
[TimeControl "180+1"]
[EndTime "8:28:21 PDT"]
[Termination "McCarthyStone won by resignation"]

1. d4 Nf6 2. c4 e5 3. dxe5 Ng4 4. Nf3 Nc6 5. b3 Bb4+ 6. Nbd2 Bc5 7. e3 Bxe3 8. fxe3 Nxe3 9. Qe2 Nc2+ 10. Kd1 Nxa1 11. Bb2 Nxb3 12. axb3 O-O 13. Kc1 d6 14. exd6 Qxd6 15.
Ne4 Qf4+ 16. Nfd2 Bf5 17. g3 Qg4 18. Qxg4 Bxg4 19. Bg2 Rad8 20. Nc5 Rfe8 21. Nxb7 Rxd2 22. Kxd2 Re2+ 23. Kc3 Rxg2 24. Nc5 Re2 25. Bc1 f6 26. Bf4 Ne5 27. Ra1 Rxh2 28. Rxa7 h5 29. Rxc7 h4 30. gxh4 Rxh4 31. Bxe5 fxe5 32. b4 Rh3+ 33. Kd2 Bf3 34.
b5 Rh4 35. Ne6 Rh6 36. Rxg7+ Kh8 37. Re7 e4 38. Ng5 Rh2+ 39. Kc3 Rg2 40. Nxe4 Re2 41. Re8+ Kg7 42. Nd6 Ra2 43. b6 Ra6 44. c5 Ra3+ 45.
Kb4 Ra1 46. Re3 Rb1+ 47. Rb3 Rc1 48. Rxf3 1-0

[Event "Early-Titled-Tuesday-Blitz-April-23-2024"]
[Site "Chess.com"]
[Date "2024.04.23"]
[Round "3"]
[White "Viktoker"]
[Black "Maluco_do_Natal_00"]
[Result "1-0"]
[WhiteElo "2366"]
[BlackElo "2029"]
[TimeControl "180+1"]
[EndTime "8:28:21 PDT"]
[Termination "Viktoker won on time"]

1. d4 d5 2. c4 c6 3. cxd5 cxd5 4. Nc3 Nf6 5. Bf4 Nc6 6. e3 a6 7. Bd3 Bg4 8. Nge2 e6 9. f3 Bh5 10. O-O Bd6 11. Rc1 O-O 12. a3 Rc8 13. b4 b5 14.
Bxd6 Qxd6 15. Nf4 Bg6 16. Bxg6 hxg6 17. Nd3 Nd7 18. Nc5 Nxc5 19. bxc5 Qc7 20. Qd3 Na5 21. e4 Qc6 22. exd5 exd5 23. Rce1 Rfe8 24. Na2 Nc4 25. Nb4 Qa8 26. c6 a5 27. Nxd5 Kf8 28.
Nb6 Nxb6 29. Qxb5 Qxc6 30. Rxe8+ Kxe8 31. Re1+ Kf8 32. Qxa5 Nd5 33. h4 Kg8 34. Qa7 Ra8 35. Qc5 Qxc5 36. dxc5 Rxa3 37. Rd1 Nc7 38. Rd7 Ra7 39.
c6 Kf8 40. Kf2 Ke8 41. Ke3 Ra3+ 42. Kd4 Ne6+ 43. Kc4 Ra8 44. Rb7 Rc8 45. Kd5 Nf4+ 46. Kd6 Ne6 47. Re7+ Kf8 48. Ra7 1-0

[Event "Early-Titled-Tuesday-Blitz-April-23-2024"]
[Site "Chess.com"]
[Date "2024.04.23"]
[Round "3"]
[White "rdarruda"]
[Black "Larkin-Vladislav"]
[Result "0-1"]
[WhiteElo "2541"]
[BlackElo "2884"]
[TimeControl "180+1"]
[EndTime "8:28:22 PDT"]
[Termination "Larkin-Vladislav won by checkmate"]

1. Nf3 d6 2. d4 Bg4 3. e4 Nf6 4. Nc3 c6 5. Be2 e6 6. O-O Be7 7. h3 Bh5 8. Be3 d5 9. e5 Nfd7 10. Nd2 Bxe2 11. Nxe2 c5 12. c3 Nc6 13. f4 g6 14. g4 h5 15. f5 gxf5 16. gxf5 Bg5 17. Bxg5 Qxg5+ 18. Kh2 O-O-O 19. fxe6 fxe6 20. Nf3 Qe7 21.
Qd2 Rdf8 22. Ng5 cxd4 23. cxd4 h4 24. Ng1 Nxd4 25. Qxd4 Qxg5 26. Qxa7 Qxe5+ 27. Kh1 Qe4+ 28. Kh2 Qc2+ 29. Kh1 Rxf1 30. Rxf1 Rg8 31. Rf2 Qb1 32. Re2 b6 33. Rxe6 Qxg1# 0-1

[Event "Early-Titled-Tuesday-Blitz-April-23-2024"]
[Site "Chess.com"]
[Date "2024.04.23"]
[Round "3"]
[White "rezamahdavi2008"]
[Black "Carow-Kann"]
[Result "1-0"]
[WhiteElo "2914"]
[BlackElo "2677"]
[TimeControl "180+1"]
[EndTime "8:28:23 PDT"]
[Termination "rezamahdavi2008 won by resignation"]

1. e4 c5 2. Nf3 e6 3. d4 cxd4 4. Nxd4 a6 5. c4 Nf6 6. Nc3 Qc7 7. Be2 b6 8. O-O Bb7 9. Qd3 Nc6 10. Nxc6 dxc6 11.
f4 Rd8 12. Qh3 c5 13. Bf3 Rd3 14. Qh4 Be7 15. Qe1 O-O 16. e5 Ne8 17. Qe2 Rd8 18.
Ne4 Bc6 19. Be3 Qb7 20. Bf2 Nc7 21. Rfd1 Qc8 22. Nf6+ Bxf6 23. Bxc6 Be7 24. Be4 g6 25. g4 b5 26. b3 f5 27. exf6 Bxf6 28. Rxd8 Rxd8 29.
Rd1 Bd4 30. Kg2 Qd7 31. Bf3 Qd6 32. Qe4 bxc4 33. bxc4 Ne8 34. Bh4 Rb8 35. Rd2 Qd7 36. Re2 Nd6 37. Qxe6+ Qxe6 38. Rxe6 Nxc4 39. Bd5 Rb2+ 40.
Re2+ Kg7 41. Bxc4 1-0